 Dungeon Crawl Stone Soup version 0.29-a0-1027-gcd8c55af63 (webtiles) character file.

Game seed: 2415206487124372583

56756 ragingrage the Severer (level 14, -7/180 HPs)
             Began as a Demonspawn Chaos Knight on Aug 13, 2022.
             Was a Plaything of Xom.
             Mangled by a wolf spider (9 damage)
             ... on level 13 of the Dungeon.
             The game lasted 00:21:35 (17401 turns).

ragingrage the Severer (Demonspawn Chaos Knight)   Turns: 17401, Time: 00:21:36

Health: -7/180     AC: 18    Str: 19    XL:     14   Next: 43%
Magic:  15/15      EV: 11    Int: 22    God:    Xom [.....*]
Gold:   1423       SH:  0    Dex: 11    Spells: 13/13 levels left

rFire   . . .      SeeInvis .   a - +11 mace "Cergh" {flame, rPois Str+2 Int+4 Stlth-}
rCold   + . .      Faith    .   (no shield)
rNeg    . . .      Spirit   .   s - +0 ice dragon scales
rPois   +          Reflect  .   (helmet restricted)
rElec   .          Harm     .   x - +0 cloak
rCorr   .          Rampage  .   Y - +2 pair of gloves {hurl}
Will    ++...                   (no boots)
Stlth   ..........              p - amulet of regeneration
HPRegen 1.20/turn               q - ring of fire
MPRegen 0.14/turn               g - +4 ring of slaying

@: berserking, unable to read, very quick
A: horns 2, icemail 1, spiny 3, sturdy frame 2, condensation shield, clever 1,
high MP 1, strong-willed 1, screaming 1, shaggy fur 1, wild magic 2, inability
to read while threatened 1
a: Renounce Religion


You were on level 13 of the Dungeon.
You worshipped Xom.
You were Xom's teddy bear.
You visited 2 branches of the dungeon, and saw 18 of its levels.
You also visited: Ossuary and Bailey.

You collected 2833 gold pieces.
You spent 1410 gold pieces at shops.

Inventory:

Hand Weapons
 a - the +11 mace "Cergh" (weapon) {flame, rPois Str+2 Int+4 Stlth-}
   (You found it on level 2 of the Dungeon)

   It burns those it strikes, dealing additional fire damage.
   Str:       It affects your strength (+2).
   Int:       It affects your intelligence (+4).
   rPois:     It protects you from poison.
   Stlth:     It makes you less stealthy.
 b - a +2 war axe of electrocution
 Q - a +2 vorpal broad axe
 Z - a +2 longbow of flaming
Missiles
 f - 3 throwing nets
 i - 23 poisoned darts (quivered)
 F - 18 atropa-tipped darts
 V - 19 boomerangs
Armour
 s - +0 ice dragon scales (worn)
 x - a +0 cloak (worn)
 B - a +3 plate armour
 Y - a +2 pair of gloves of hurling (worn)
Jewellery
 g - a +4 ring of slaying (right hand)
 k - a ring of positive energy
 p - an amulet of regeneration (around neck)
 q - a ring of fire (left hand)
 M - a ring of poison resistance
 O - a +6 ring of strength
 U - a ring of protection from cold
Wands
 j - a wand of quicksilver (32)
 n - a wand of flame (12)
 D - a wand of mindburst (5)
 L - a wand of charming (13)
 P - a wand of iceblast (22)
 S - a wand of polymorph (12)
Scrolls
 e - 2 scrolls of immolation
 l - 2 scrolls of enchant armour
 m - 2 scrolls of fear
 o - 9 scrolls of poison
 r - 9 scrolls of identify
 v - 8 scrolls of teleportation
 y - 6 scrolls of blinking
 A - 5 scrolls of vulnerability
 C - 3 scrolls of enchant weapon
 I - 3 scrolls of magic mapping
 R - a scroll of amnesia
 W - a scroll of butterflies
 X - 5 scrolls of brand weapon
Potions
 d - 4 potions of brilliance
 h - 7 potions of curing
 t - 2 potions of berserk rage
 u - 2 potions of mutation
 w - 2 potions of might
 E - a potion of haste
 G - 3 potions of cancellation
 H - 7 potions of flight
 J - 2 potions of resistance
 K - 3 potions of heal wounds
 N - a potion of attraction {unknown}
 T - a potion of lignification {unknown}
Miscellaneous
 c - a piece from Xom's chessboard (15/15)


   Skills:
 + Level 14.1 Fighting
 + Level 17.2 Axes
 - Level 9.0 Armour
 - Level 3.0 Dodging
 - Level 5.0 Evocations


You had 13 spell levels left.
You didn't know any spells.
Your spell library contained the following spells:

 Spells                   Type           Power      Damage    Failure   Level
 Apportation              Tloc           0%         N/A       43%         1
 Foxfire                  Conj/Fire      0%         2x1d4     43%         1
 Magic Dart               Conj           0%         1d3       43%         1
 Necrotise                Necr           0%         1d4       43%         1
 Sting                    Tmut/Pois      0%         1d3       43%         1
 Call Imp                 Summ           0%         N/A       54%         2
 Ensorcelled Hibernation  Hex/Ice        0%         N/A       54%         2
 Poisonous Vapours        Pois/Air       0%         N/A       54%         2
 Static Discharge         Conj/Air       0%         3-3/arc   54%         2
 Call Canine Familiar     Summ           0%         N/A       77%         3
 Conjure Flame            Conj/Fire      0%         6-21      77%         3
 Dazzling Flash           Conj/Hex       0%         N/A       77%         3
 Gell's Gravitas          Tloc           0%         N/A       77%         3
 Ignite Poison            Fire/Tmut/Pois 0%         N/A       77%         3
 Inner Flame              Hex/Fire       0%         N/A       77%         3
 Lesser Beckoning         Tloc           0%         N/A       77%         3
 Mephitic Cloud           Conj/Pois/Air  0%         N/A       77%         3
 Portal Projectile        Hex/Tloc       0%         N/A       77%         3
 Spider Form              Tmut/Pois      0%         N/A       77%         3
 Summon Guardian Golem    Hex/Summ       0%         N/A       77%         3
 Teleport Other           Tloc           0%         N/A       77%         3
 Tukima's Dance           Hex            0%         N/A       77%         3
 Vampiric Draining        Necr           0%         2d6       77%         3
 Anguish                  Hex/Necr       0%         N/A       98%         4
 Dispel Undead            Necr           0%         3d6       98%         4
 Flame Wave               Conj/Fire      0%         2d4       98%         4
 Fulminant Prism          Conj/Hex       0%         3d6       98%         4
 Ice Form                 Ice/Tmut       0%         N/A       98%         4
 Iskenderun's Mystic Bla  Conj/Tloc      0%         2d3       98%         4
 Leda's Liquefaction      Hex/Erth       0%         N/A       98%         4
 Olgreb's Toxic Radiance  Pois           0%         N/A       98%         4
 Sticky Flame             Conj/Fire      0%         2d3       98%         4
 Summon Ice Beast         Ice/Summ       0%         N/A       98%         4
 Agony                    Necr           0%         N/A       100%        5
 Alistair's Intoxication  Tmut/Pois      0%         N/A       100%        5
 Blade Hands              Tmut           0%         N/A       100%        5
 Freezing Cloud           Conj/Ice/Air   0%         6-21      100%        5
 Lee's Rapid Deconstruct  Erth           0%         3d5*      100%        5
 Summon Mana Viper        Hex/Summ       0%         N/A       100%        5
 Conjure Ball Lightning   Conj/Air       0%         3x3d6     100%        6
 Starburst                Conj/Fire      0%         6d3       100%        6
 Summon Cactus Giant      Summ           0%         N/A       100%        6
 Enfeeble                 Hex            0%         N/A       100%        7
 Malign Gateway           Summ/Tloc      0%         N/A       100%        7
 Monstrous Menagerie      Summ           0%         N/A       100%        7
 Discord                  Hex            0%         N/A       100%        8
 Disjunction              Tloc           0%         N/A       100%        8


Dungeon Overview and Level Annotations

Branches:
Dungeon (13/15)            Temple (0/1) D:5            Lair (5/5) D:10
 Shoals (0/4) Lair:2        Snake (0/4) Lair:2        Slime (0/5) Lair:5
    Orc (0/2) D:10        Ossuary (visited)          Bailey (visited)
 Vaults: D:13-14

Altars:
Ashenzari
Dithmenos
Gozag
Makhleb
Nemelex Xobeh
Okawaru
Uskayaw
Vehumet
Xom
Jiyva

Shops:
D:4 =   D:5 *   D:6 (   D:9 ([[   D:11 *

Annotations:
D:6 3 runed translucent doors, Asceticacid's ghost, novice MeFi
D:9 1 transporter


Innate Abilities, Weirdness & Mutations

You have a pair of horns on your head.
A meltable icy envelope protects you from harm. (AC +0)
You are completely covered in sharp spines.
Your movements are less encumbered by armour. (ER -4)
A meltable shield of frost defends you. (SH +0)
Your mind is acute. (Int +4, Str/Dex -1)
You have an increased reservoir of magic. (+10% MP)
You are strong-willed. (Will+)
You occasionally shout uncontrollably at your foes.
You are covered in fur. (AC +1)
Your spells are harder to cast, but more powerful.
You occasionally lose the ability to read scrolls when taking damage.


Message History

The red ugly thing attacks as you move away!
The red ugly thing is struck by your spines.
The red ugly thing punches you.
You are engulfed in flames!
A wolf spider comes into view.
The yaktaur unwields a +0 arbalest.
The yaktaur hits you but does no damage.
You hit the yaktaur but do no damage. You headbutt the yaktaur!
The yaktaur is moderately wounded.
The red ugly thing punches you!
* * * LOW HITPOINT WARNING * * *
You are engulfed in flames!
You feel threatened and lose the ability to read scrolls!
* * * LOW HITPOINT WARNING * * *
You feel much better. The yaktaur misses you.
The red ugly thing punches you but does no damage.
Unknown command.
A red film seems to cover your vision as you go berserk!
You feel yourself moving faster!
You feel mighty! The yaktaur closely misses you.
The red ugly thing is struck by your spines.
The red ugly thing punches you!
* * * LOW HITPOINT WARNING * * *
You are engulfed in flames!
* * * LOW HITPOINT WARNING * * *
You barely miss the yaktaur. You headbutt the yaktaur!
The yaktaur is heavily wounded.
The wolf spider barely misses you. The wolf spider bites you.
* * * LOW HITPOINT WARNING * * *
The yaktaur misses you.
The vault guard hits you with a +2 great mace!!
* * * LOW HITPOINT WARNING * * *
The red ugly thing is struck by your spines.
You kill the red ugly thing!
You bludgeon the yaktaur!! You burn the yaktaur!
You kill the yaktaur!
Xom opens a gate.
You are now Xom's teddy bear.
The wolf spider is struck by your spines.
The wolf spider hits you!
You die...
Xom laughs nastily!

#...# #$#
#...# #.#
#...# #.#
#...##.#
#...#.#
#....# #....#
#s...#
########@p..#
#......)).5.#
#......).._##
#..........#
#..........#
#..........#
#..........#
#..........#
#..........#


You could see a vault guard (ally target), a wolf spider and a friendly white
imp (summoned).

Vanquished Creatures
  Jorgrun (D:12)
  An azure jelly (Lair:5)
  A dire elephant (Lair:5)
  3 hydras
  2 centaur warriors
  3 two-headed ogres
  9 death yaks
  A deep troll shaman (Lair:5)
  A swamp dragon (D:12)
  2 lindwurms
  A manticore (D:12)
  2 ugly things (D:13)
  2 cyclopes
  9 cane toads
  20 elephants
  2 black mambas
  A torpor snail (Lair:5)
  A guardian serpent (Lair:2)
  A gargoyle (D:13)
  3 kobold demonologists
  An unseen horror (D:12)
  A rime drake (Lair:4)
  4 komodo dragons
  2 yaktaurs
  6 polar bears
  3 trolls
  2 hornets
  A snapping turtle (Lair:2)
  4 blink frogs (Lair:4)
  8 slime creatures (D:12)
  13 dream sheep (Lair:5)
  A shadow (D:11)
  38 yaks
  Sigmund (D:5)
  11 wyverns
  2 wraiths (D:11)
  5 basilisks
  Menkaure (Ossuary)
  An acid dragon (D:9)
  17 water moccasins
  9 orc warriors
  A black bear (D:6)
  3 ice beasts
  2 ogres
  24 wolves
  5 centaurs
  3 phantoms (D:6)
  5 kobold brigands
  9 bullfrogs
  Blork the orc (D:5)
  5 scorpions
  7 necrophages
  3 killer bees (D:9)
  2 howler monkeys (D:10)
  4 electric eels
  A lava snake (D:9)
  2 hounds (D:6)
  7 jellies
  6 orc priests
  A wyvern simulacrum (D:9)
  3 gnoll boudas
  Ijyb (D:4)
  6 iguanas
  11 orc wizards
  A centaur simulacrum (D:9)
  3 mummies (Ossuary)
  10 adders
  13 gnolls
  3 shadow imps
  4 white imps
  A dart slug (D:2)
  48 orcs
  8 bats
  6 endoplasms
  3 giant cockroaches (D:1)
  9 gnoll zombies (Ossuary)
  14 goblins
  8 hobgoblins
  11 jackals
  4 quokkas
  10 ball pythons
  6 frilled lizards
  7 gnoll skeletons (Ossuary)
  2 goblin skeletons (Ossuary)
  2 goblin zombies (Ossuary)
  6 hobgoblin skeletons (Ossuary)
  3 hobgoblin zombies (Ossuary)
  28 kobolds
  A kobold skeleton (Ossuary)
  6 kobold zombies (Ossuary)
  6 orc skeletons (Ossuary)
  5 orc zombies (Ossuary)
  7 rats
  3 rat skeletons (Ossuary)
547 creatures vanquished.

Vanquished Creatures (collateral kills)
  A two-headed ogre (D:9)
  An orc knight (Bailey)
  Joseph (D:9)
  2 orc warriors (Bailey)
  A wolf (D:9)
  2 centaurs (D:9)
  An electric eel (D:9)
  A hound (D:3)
  2 white imps (D:9)
  An ufetubus (D:9)
  An orc (Bailey)
  3 hobgoblins (Bailey)
17 creatures vanquished.

Vanquished Creatures (others)
  A yak (D:9)
  21 fungi
  42 plants
64 creatures vanquished.

Grand Total: 628 creatures vanquished

Notes
Turn   | Place    | Note
-------+----------+-------------------------------------------
     0 | D:1      | ragingrage the Demonspawn Chaos Knight began the quest for
                  | the Orb.
     0 | D:1      | Reached XP level 1. HP: 18/18 MP: 1/1
   250 | D:1      | Reached skill level 1 in Dodging
   524 | D:1      | Gained mutation: A meltable shield of frost defends you.
                  | (SH +0) [demonic ancestry]
   524 | D:1      | Reached XP level 2. HP: 22/24 MP: 2/2
   673 | D:1      | XOM: divination: detect items
   743 | D:1      | Reached skill level 3 in Axes
  1354 | D:2      | Gained mutation: Your movements are slightly less
                  | encumbered by armour. (ER -2) [demonic ancestry]
  1354 | D:2      | Reached XP level 3. HP: 28/29 MP: 3/3
  1714 | D:2      | XOM: god gift: runed bone wand {god gift}
  1730 | D:2      | Reached skill level 4 in Axes
  1761 | D:2      | Reached XP level 4. HP: 35/35 MP: 4/4
  1831 | D:2      | XOM: silly message
  1961 | D:2      | Identified the +11 mace "Cergh" {flame, rPois Str+2 Int+4
                  | Stlth-}
  2042 | D:2      | XOM: noise
  2087 | D:3      | Found a faded altar of an unknown god.
  2327 | D:3      | Found a hide-covered altar of Uskayaw.
  2504 | D:3      | XOM: summons 4 friendly demons
  2532 | D:3      | XOM: polymorph iron imp -> shadow imp
  2610 | D:3      | XOM: scenery: 1 fountains blood, 1 doors open, 1 doors
                  | close
  2776 | D:3      | Reached skill level 5 in Axes
  2776 | D:3      | Reached XP level 5. HP: 41/41 MP: 5/5
  2778 | D:3      | XOM: confuse monster(s)
  2927 | D:4      | Noticed Ijyb
  3008 | D:4      | XOM: scenery: create altars
  3225 | D:5      | Entered Level 5 of the Dungeon
  3269 | D:4      | Gained mutation: You are partially covered in sharp spines.
                  | [demonic ancestry]
  3269 | D:4      | Reached XP level 6. HP: 36/47 MP: 6/6
  3272 | D:4      | XOM: god gift: book of Maledictions
  3285 | D:4      | Found Lynec's Jewellery Shop.
  3304 | D:4      | Reached skill level 6 in Axes
  3552 | D:4      | Found a sand-covered staircase.
  3557 | Ossuary  | Entered an ossuary
  3825 | Ossuary  | XOM: god gift: 6 atropa-tipped darts
  3876 | Ossuary  | Noticed Menkaure
  3881 | Ossuary  | XOM: butterfly on damage
  3882 | Ossuary  | Killed Menkaure
  3883 | Ossuary  | Reached skill level 7 in Axes
  3993 | Ossuary  | XOM: god gift: 37 gold pieces
  4130 | Ossuary  | XOM: divination: detect items
  4201 | Ossuary  | Gained mutation: A meltable icy envelope protects you from
                  | harm. (AC +0) [demonic ancestry]
  4201 | Ossuary  | Reached XP level 7. HP: 46/52 MP: 7/7
  4309 | D:4      | Killed Ijyb
  4349 | D:4      | Found a burning altar of Makhleb.
  4856 | D:4      | XOM: give mutations
  4856 | D:4      | Gained mutation: Your flesh is cold resistant. (rC+) [Xom's
                  | grace]
  4856 | D:4      | Gained mutation: You possess an exceptional clarity of
                  | mind. [Xom's grace]
  4856 | D:4      | Gained mutation: You expend magic power (3 MP) to
                  | strengthen your wands. [Xom's grace]
  4869 | D:5      | Noticed Blork the orc
  4874 | D:5      | Killed Blork the orc
  4915 | D:5      | XOM: give mutations
  4915 | D:5      | Gained mutation: You have hidden genetic potential. [Xom's
                  | grace]
  4915 | D:5      | Gained mutation: Your mind is acute. (Int +4, Str/Dex -1)
                  | [Xom's grace]
  4915 | D:5      | Gained mutation: Your mind is very acute. (Int +8, Str/Dex
                  | -2) [Xom's grace]
  4952 | D:5      | Reached skill level 8 in Axes
  5523 | D:5      | XOM is BORED!
  5597 | D:5      | Found a staircase to the Ecumenical Temple.
  5644 | D:5      | Noticed Sigmund
  5672 | D:5      | Killed Sigmund
  5673 | D:5      | Gained mutation: You are mostly covered in sharp spines.
                  | [demonic ancestry]
  5673 | D:5      | Reached XP level 8. HP: 58/58 MP: 8/8
  5824 | D:5      | Reached skill level 9 in Axes
  5876 | D:5      | Found Jut Kaij's Assorted Antiques.
  5883 | D:5      | Bought an encrusted silver wand for 88 gold pieces
  5885 | D:5      | Identified 2 scrolls of acquirement
  5885 | D:5      | Acquired a +2 broad axe of freezing
  5890 | D:5      | Acquired 754 gold pieces
  5951 | D:4      | Bought a +4 ring of slaying for 858 gold pieces
  6166 | D:6      | XOM: fake destruction
  6203 | D:6      | Gained mutation: Your spells are a little harder to cast,
                  | but a little more powerful. [hidden potential]
  6259 | D:6      | XOM: enchant monster (good)
  6274 | D:6      | Reached skill level 10 in Axes
  6274 | D:6      | XOM: enchant monster (good)
  6278 | D:6      | XOM: scenery: create altars
  6286 | D:6      | XOM: scenery: summon butterflies
  6569 | D:6      | Found a runed translucent gate.
  6570 | D:6      | Found a runed translucent gate.
  6573 | D:6      | Noticed Asceticacid's ghost (novice MeFi)
  6643 | D:6      | Found Kig Acw's Weapon Shop.
  6702 | D:6      | XOM: cloud trail
  6713 | D:6      | Found a runed translucent gate.
  6727 | D:6      | Reached skill level 11 in Axes
  6744 | D:6      | Reached XP level 9. HP: 36/63 MP: 9/9
  6828 | D:6      | XOM: divination: magic mapping
  6924 | D:6      | XOM: enchant monster (good)
  7101 | D:7      | XOM: 2-stop teleportation journey
  7259 | D:7      | Found a shimmering altar of Xom.
  7273 | D:7      | XOM: polymorph bullfrog -> centaur
  7302 | D:7      | Gained mutation: You have an increased reservoir of magic.
                  | (+10% MP) [hidden potential]
  7302 | D:7      | Lost mutation: You have hidden genetic potential. [hidden
                  | potential expressed]
  7324 | D:7      | Found a flagged portal.
  7333 | Bailey   | Entered a bailey
  7342 | Bailey   | XOM: give mutations
  7342 | Bailey   | Gained mutation: You have sharp toenails. [Xom's grace]
  7342 | Bailey   | Gained mutation: You have hidden genetic potential. [Xom's
                  | grace]
  7342 | Bailey   | Gained mutation: You are robust. (+10% HP) [Xom's grace]
  7360 | Bailey   | Reached skill level 12 in Axes
  7440 | Bailey   | Noticed an orc knight
  7465 | Bailey   | XOM: give mutations
  7465 | Bailey   | Gained mutation: Your spells are harder to cast, but more
                  | powerful. [Xom's grace]
  7465 | Bailey   | Gained mutation: You passively dampen the noise of your
                  | surroundings. [Xom's grace]
  7514 | Bailey   | XOM: summons friendly ice devil
  7517 | Bailey   | Killed an orc knight
  7585 | Bailey   | Reached skill level 13 in Axes
  7607 | Bailey   | XOM: give mutations
  7607 | Bailey   | Gained mutation: You are covered in fur. (AC +1) [Xom's
                  | grace]
  7607 | Bailey   | Lost mutation: You have sharp toenails. [Xom's grace]
  7607 | Bailey   | Gained mutation: You have large cloven feet. [Xom's grace]
  7607 | Bailey   | Gained mutation: You are covered in thick fur. (AC +2)
                  | [Xom's grace]
  7670 | Bailey   | Got the Grimoire of the United Blizzard
  8378 | D:7      | XOM: 3-stop teleportation journey
  8441 | D:8      | Paralysed by a hornet for 1 turns
  8444 | D:8      | Gained mutation: You have a pair of small horns on your
                  | head. [demonic ancestry]
  8444 | D:8      | Reached XP level 10. HP: 69/77 MP: 11/11
  8683 | D:8      | XOM: summons 6 friendly demons
  8704 | D:8      | Gained mutation: You are agile. (Dex +4, Str/Int -1)
                  | [hidden potential]
  9059 | D:9      | XOM: fog
  9062 | D:9      | XOM: divine lightning
  9063 | D:9      | Reached skill level 14 in Axes
  9151 | D:9      | XOM: cloud trail
  9159 | D:9      | XOM: summons friendly sixfirhy
  9160 | D:9      | Noticed Joseph
  9217 | D:9      | Killed Joseph
  9281 | D:9      | Noticed a two-headed ogre
  9286 | D:9      | Killed a two-headed ogre
  9326 | D:9      | Noticed a two-headed ogre
  9327 | D:9      | Found Vinir's Weapon Shop.
  9334 | D:9      | Killed a two-headed ogre
  9335 | D:9      | Reached skill level 15 in Axes
  9412 | D:9      | Found a sparkling altar of Nemelex Xobeh.
  9412 | D:9      | Found a transporter.
  9413 | D:9      | Noticed an eight-headed hydra
  9507 | D:9      | Noticed a centaur warrior
  9514 | D:9      | Killed a centaur warrior
  9515 | D:9      | Gained mutation: You have a pair of horns on your head.
                  | [demonic ancestry]
  9515 | D:9      | Reached XP level 11. HP: 42/82 MP: 12/12
  9664 | D:9      | Found Aruwk's Armour Shop.
  9760 | D:9      | Gained mutation: Your flesh is heat resistant. (rF+)
                  | [hidden potential]
  9760 | D:9      | Lost mutation: You have hidden genetic potential. [hidden
                  | potential expressed]
  9849 | D:9      | Found Sefos's Antique Armour Shop.
  9852 | D:9      | Bought a pair of embroidered gloves for 240 gold pieces
  9862 | D:9      | Bought a twisted leather armour for 224 gold pieces
  9862 | D:9      | Identified the +1 leather armour of the Elephant {Regen+
                  | Stlth+} (You bought it in a shop on level 9 of the Dungeon)
 10144 | D:10     | Entered Level 10 of the Dungeon
 10181 | D:10     | Found a staircase to the Orcish Mines.
 10241 | D:10     | Reached skill level 16 in Axes
 10252 | D:10     | XOM: cleaving
 10255 | D:10     | Found a staircase to the Lair.
 10260 | D:10     | XOM: summons friendly shadow imp
 10268 | D:10     | XOM: potion effect (heal wounds)
 10269 | D:10     | XOM: enchant monster (good)
 10272 | D:10     | Reached skill level 5 in Fighting
 10280 | D:10     | XOM: potion effect (haste)
 10345 | D:10     | Noticed a two-headed ogre
 10354 | D:10     | Killed a two-headed ogre
 10371 | D:10     | Noticed a centaur warrior
 10393 | D:10     | XOM: polymorph shadow imp -> crimson imp
 10466 | D:10     | Noticed a five-headed hydra
 10468 | D:10     | XOM: enchant monster (bad)
 10471 | D:10     | Killed a five-headed hydra
 10475 | D:10     | XOM: noise
 10543 | D:10     | XOM is BORED!
 10543 | D:10     | XOM: stat loss: -1 Int (23/24)
 10587 | D:10     | Found an iron altar of Okawaru.
 10840 | D:10     | Found a shadowy altar of Dithmenos.
 11030 | D:11     | XOM: blink monster(s)
 11036 | D:11     | XOM: enchant monster (bad)
 11089 | D:11     | Gained mutation: You are completely covered in sharp
                  | spines. [demonic ancestry]
 11089 | D:11     | Reached XP level 12. HP: 103/105 MP: 13/13
 11152 | D:11     | Found an opulent altar of Gozag.
 11156 | D:11     | Found Gozag's Platinum Reserve.
 11260 | D:11     | Noticed a two-headed ogre
 11264 | D:11     | Killed a two-headed ogre
 11265 | D:11     | Reached skill level 10 in Fighting
 11316 | D:11     | Identified the +7 quarterstaff "Ohismuul" {elec, Fly}
 11401 | D:11     | Reached skill level 1 in Evocations
 11466 | D:11     | XOM: noise
 11540 | D:12     | Noticed Nessos
 11547 | D:12     | Noticed Nessos
 11547 | D:12     | Nessos changed into Nessos the swamp dragon
 11551 | D:12     | Killed Nessos the swamp dragon
 11581 | D:12     | Noticed Snorg
 11581 | D:12     | XOM: summons friendly shadow imp
 11585 | D:12     | Noticed Snorg
 11585 | D:12     | Snorg changed into Snorg the yaktaur
 11591 | D:12     | Killed Snorg the yaktaur
 11690 | D:12     | Noticed Jorgrun
 11711 | D:12     | Killed Jorgrun
 11795 | D:12     | XOM: cast spell 'Metabolic Englaciation'
 11892 | D:12     | XOM: noise
 11894 | D:12     | XOM: blink monster(s)
 12162 | Lair:1   | Entered Level 1 of the Lair of Beasts
 12182 | Lair:1   | XOM: silly message
 12330 | Lair:1   | XOM: enchant monster (good)
 12365 | Lair:1   | XOM: scenery: create altars
 12371 | Lair:1   | XOM: enchant monster (good)
 12372 | Lair:1   | Reached skill level 5 in Armour
 12376 | Lair:1   | Reached skill level 5 in Evocations
 12571 | Lair:1   | XOM: give mutation
 12571 | Lair:1   | Gained mutation: You are strong-willed. (Will+) [Xom's
                  | grace]
 12833 | Lair:1   | XOM: give mutations
 12833 | Lair:1   | Lost mutation: You passively dampen the noise of your
                  | surroundings. [Xom's mischief]
 12833 | Lair:1   | Lost mutation: You are robust. (+10% HP) [Xom's mischief]
 12858 | Lair:2   | XOM: stealth player
 12935 | Lair:2   | Found a staircase to the Snake Pit.
 12969 | Lair:2   | Found a staircase to the Shoals.
 12989 | Lair:2   | XOM: polymorph elephant -> snapping turtle
 13012 | Lair:2   | Reached XP level 13. HP: 90/106 MP: 14/14
 13024 | Lair:2   | XOM is BORED!
 13024 | Lair:2   | XOM: 3-stop teleportation journey
 13224 | Lair:2   | XOM: 5-stop teleportation journey
 13262 | Lair:2   | XOM: 2-stop teleportation journey
 13886 | Lair:3   | XOM: silly message
 14042 | Lair:3   | XOM: potion effect (invisibility)
 14178 | Lair:3   | XOM: summons friendly crimson imp
 14495 | Lair:3   | XOM: divination: detect items
 14720 | Lair:4   | XOM: potion effect (heal wounds)
 14783 | Lair:4   | Found a broken altar of Ashenzari.
 14783 | Lair:4   | XOM: 3-stop teleportation journey
 14994 | Lair:4   | XOM: cleaving
 14996 | Lair:4   | XOM: fake destruction
 15038 | Lair:4   | XOM: potion effect (berserk rage)
 15175 | Lair:4   | XOM: give mutations
 15175 | Lair:4   | Lost mutation: You possess an exceptional clarity of mind.
                  | [Xom's mischief]
 15175 | Lair:4   | Lost mutation: Your flesh is heat resistant. (rF+) [Xom's
                  | mischief]
 15375 | Lair:5   | Entered Level 5 of the Lair of Beasts
 15444 | Lair:5   | XOM: 1-stop teleportation journey
 15481 | Lair:5   | XOM: confusion (+ monsters)
 15485 | Lair:5   | XOM: confuse monster(s)
 15503 | Lair:5   | XOM: noise
 15519 | Lair:5   | XOM: blink monster(s)
 15530 | Lair:5   | XOM: give mutations
 15530 | Lair:5   | Gained mutation: You have supernaturally acute eyesight.
                  | (SInv) [Xom's mischief]
 15530 | Lair:5   | Lost mutation: You have large cloven feet. [Xom's mischief]
 15530 | Lair:5   | Lost mutation: Your flesh is cold resistant. (rC+) [Xom's
                  | mischief]
 15530 | Lair:5   | Lost mutation: Your mind is very acute. (Int +8, Str/Dex
                  | -2) [Xom's mischief]
 15571 | Lair:5   | Noticed an azure jelly
 15571 | Lair:5   | a catoblepas changed into an azure jelly
 15571 | Lair:5   | XOM: polymorph catoblepas -> azure jelly
 15578 | Lair:5   | Killed an azure jelly
 15723 | Lair:5   | Noticed a dire elephant
 15742 | Lair:5   | XOM: confusion
 15743 | Lair:5   | XOM: smoke on damage
 15753 | Lair:5   | Killed a dire elephant
 15754 | Lair:5   | Gained mutation: Your movements are less encumbered by
                  | armour. (ER -4) [demonic ancestry]
 15754 | Lair:5   | Reached XP level 14. HP: 27/118 MP: 15/15
 15887 | Lair:5   | XOM: fake destruction
 16007 | Lair:5   | XOM: 3-stop teleportation journey
 16221 | Lair:5   | XOM: blink monster(s)
 16282 | Lair:5   | XOM: give mutation
 16282 | Lair:5   | Lost mutation: You expend magic power (3 MP) to strengthen
                  | your wands. [Xom's mischief]
 16340 | Lair:5   | XOM: 3-stop teleportation journey
 16346 | Lair:5   | XOM: confuse monster(s)
 16347 | Lair:5   | XOM: confusion
 16402 | Lair:5   | Found a viscous altar of Jiyva.
 16403 | Lair:5   | Found a staircase to the Slime Pits.
 16404 | Lair:5   | XOM: torment (61/119 hp)
 16434 | Lair:5   | XOM: give mutation
 16434 | Lair:5   | Lost mutation: You have supernaturally acute eyesight.
                  | (SInv) [Xom's mischief]
 16538 | Lair:5   | XOM: summons 3 hostile shadow creatures
 16827 | Lair:5   | XOM: swap monsters
 16836 | Lair:5   | XOM: torment (52/119 hp)
 16837 | Lair:5   | Reached skill level 17 in Axes
 16841 | Lair:5   | XOM: swap monsters
 17117 | Lair:1   | XOM: give mutations
 17117 | Lair:1   | Lost mutation: You are covered in thick fur. (AC +2) [Xom's
                  | mischief]
 17117 | Lair:1   | Lost mutation: You are agile. (Dex +4, Str/Int -1) [Xom's
                  | mischief]
 17117 | Lair:1   | Gained mutation: You occasionally lose the ability to read
                  | scrolls when taking damage. [Xom's mischief]
 17117 | Lair:1   | Gained mutation: You occasionally shout uncontrollably at
                  | your foes. [Xom's mischief]
 17223 | D:13     | Found a radiant altar of Vehumet.
 17292 | D:13     | Found the +8 demon blade "Leech" {vamp, Harm Drain rN+}
 17379 | D:13     | XOM: enchant monster (bad)
 17388 | D:13     | XOM: blink monster(s)
 17391 | D:13     | XOM: scenery: create altars
 17400 | D:13     | HP: 1/180 [vault guard/+2 great mace (21)]
 17401 | D:13     | XOM: summons friendly white imp
 17401 | D:13     | Mangled by a wolf spider

Illustrated notes

Levels and vault maps discovered:
D:1:      dpeg_arrival_pits, layout_basic, minmay_strange_pillars,
          minmay_tromino_v4_a
D:2:      cheibrodos_helix_gallery, layout_rooms
D:3:      layout_basic, nicolae_uskayaw_dance_hall,
          ebering_ecumenical_altar_abandoned, serial_forest,
          infiniplex_forest_clump_long, infiniplex_forest_lined_2,
          infiniplex_forest_clump_double, infiniplex_forest_split,
          infiniplex_forest_lined_3, infiniplex_forest_straight_4
D:4:      layout_cave_pods, nicolae_overflow_hidden_temple,
          mainiacjoe_overflow_boulevard, serial_shops, nicolae_shop_statue_plus,
          enter_ossuary_2, uniq_ijyb
D:5:      layout_loops_corners, minmay_temple_entry_gardened_gates,
          serial_shops, nicolae_shop_trees, minmay_misc_feat_enclosed,
          uniq_blork_the_orc, uniq_sigmund
D:6:      layout_basic, gammafunk_ghost_split, serial_shops, shop
D:7:      layout_basic, dk_xom_monty_hall, enter_bailey_2
D:8:      layout_loops_ring
D:9:      layout_loops_ring, grunt_nemelex_the_gamble, serial_shops,
          kennysheep_mini_moat, kennysheep_mini, nicolae_inconvenience_store,
          serial_ice, serial_ice_b, serial_ice_l, serial_ice_d, serial_ice_o,
          serial_ice_g, serial_ice_c, uniq_joseph
D:10:     layout_cave_pools, mainiacjoe_overflow_surrounded_room,
          mainiacjoe_overflow_concentric_impassable, minmay_lair_entry_grove,
          hiddenorc2_lemuel, minmay_misc_feat_plants, lightli_corner_chamber
D:11:     layout_rooms, nicolae_gozag_zags_fifth_avenue
D:12:     layout_big_octagon, uniq_snorg, uniq_nessos, uniq_jorgrun
D:13:     layout_basic, david_vaults_5, dreamdust_deal_with_the_devil,
          fiery_altar_vehumet
Lair:1:   layout_misc_corridors, dreamdust_mushroom_princess,
          beast_lair_carwin_8, lemuel_fruit_fields, lemuel_fruit_tree,
          infiniplex_staircase_pool_2
Lair:2:   layout_long_grid, elwin_shoals_entry_rooms,
          minmay_snake_entry_spellcaster, st_stairs_7, roderic_carrion_pond
Lair:3:   layout_cave_pods
Lair:4:   layout_long_grid, basic_altar, serial_bayou_lagoon_a,
          chequers_serial_rivers_room_a
Lair:5:   grunt_lair_end_beastmaster, layout_cave_pods, slime_entry_1,
          nicolae_quartered_pool_medium, grunt_megastairs_5,
          lemuel_fruit_fields, lemuel_fruit_fields

Skill      XL: |  1  2  3  4  5  6  7  8  9 10 11 12 13 14 |
---------------+-------------------------------------------+-----
Dodging        | 1 3 |  3.0
Armour         | 2 5 8 9 |  9.0
Axes           | 3 4 5 7 8 11 13 15 16 17 | 17.2
Fighting       | 9 11 13 14 | 14.1
Evocations     | 5 |  5.0

Action                   |  1- 3 |  4- 6 |  7- 9 | 10-12 | 13-15 || total
-------------------------+-------+-------+-------+-------+-------++-------
Melee: Hand axe          |    44 |       |       |       |       ||    44
       Whip              |    24 |       |       |       |       ||    24
       Dagger            |    55 |    20 |       |       |       ||    75
       Punch             |     1 |     1 |     1 |     4 |    12 ||    19
       Mace              |       |   140 |   151 |   334 |   329 ||   954
       Kick              |       |       |     6 |   118 |    53 ||   177
       Headbutt          |       |       |       |    66 |    94 ||   160
       Broad axe         |       |       |       |     9 |     8 ||    17
       War axe           |       |       |       |     9 |     1 ||    10
Throw: Boomerang         |       |       |     5 |       |       ||     5
       Dart              |       |       |       |     1 |    10 ||    11
Evoke: Piece from Xom's  |       |       |     1 |       |       ||     1
       Wand              |       |       |     2 |     4 |       ||     6
  Use: Scroll            |       |       |    13 |    12 |     2 ||    27
       Potion            |       |       |       |       |     4 ||     4
 Stab: Paralysed         |     2 |       |       |     1 |       ||     3
       Confused          |       |     1 |       |       |     4 ||     5
       Sleeping          |       |       |     1 |       |       ||     1
       Distracted        |       |       |       |     1 |       ||     1
       Invisible         |       |       |       |       |     1 ||     1
Armor: Leather armour    |    76 |     1 |       |       |       ||    77
       Ice dragon scales |       |    67 |    66 |   154 |   225 ||   512
Dodge: Dodged            |    73 |    69 |    59 |   125 |   219 ||   545
Block: Other             |     9 |    26 |    26 |    45 |    69 ||   175

Table legend: (Time is in decaauts)
 A = Elapsed time spent in this place.
 B = Non-inter-level travel time spent in this place.
 C = Inter-level travel time spent in this place.
 D = Time resting spent in this place.
 E = Time spent auto-exploring this place.
 F = Levels seen in this place.
 G = Mean time per level.
                   A        B        C        D        E       F      G
               +--------+--------+--------+--------+--------+-----+--------+
         Total |  17409 |  16689 |    720 |   1028 |  12091 |  20 |  870.5 |
       Dungeon |  11134 |  10627 |    507 |    309 |   8087 |  13 |  856.5 |
          Lair |   4950 |   4737 |    213 |    500 |   3494 |   5 |  990.0 |
       Ossuary |    757 |    757 |      0 |    190 |    161 |   1 |  757.0 |
        Bailey |    567 |    567 |      0 |     29 |    348 |   1 |  567.0 |
               +--------+--------+--------+--------+--------+-----+--------+

Top non-repeatable levels by time:
  Lair:5: 1637 daAuts
     D:1: 1359 daAuts
     D:5: 1259 daAuts
     D:4: 1191 daAuts
     D:9: 1107 daAuts
  Lair:3: 912 daAuts
  Lair:2: 895 daAuts
     D:3: 881 daAuts
     D:6: 870 daAuts
     D:7: 867 daAuts
    D:10: 804 daAuts
  Lair:4: 790 daAuts
 Ossuary: 757 daAuts
     D:2: 746 daAuts
  Lair:1: 714 daAuts
